 Dungeon Crawl Stone Soup version 0.17-a0-931-g11a8995 (webtiles) character file.

466 mefis231 the Firebug (level 6, 0/32 HPs)
             Began as a Deep Elf Fire Elementalist on May 5, 2015.
             Shot with an arrow by a centaur (6 damage)
             ... on level 5 of the Dungeon.
             The game lasted 00:17:36 (5653 turns).

mefis231 the Firebug (Deep Elf Fire Elementalist)   Turns: 5653, Time: 00:17:37

Health: 0/32       AC:  4    Str:  5    XL:     6   Next: 81%
Magic:  11/15      EV: 13    Int: 22    God:
Gold:   228        SH:  0    Dex: 15    Spells: 4 memorised, 2 levels left

rFire  . . .     SeeInvis .     v - +2 quarterstaff (chaos)
rCold  . . .     Clarity  .     a - +0 robe
rNeg   . . .     SustAb   +     (no shield)
rPois  .         Gourm    .     l - +0 helmet
rElec  .         Spirit   .     w - +0 cloak
rCorr  .         Warding  .     (no gloves)
rMut   .         Stasis   .     (no boots)
MR     .....                    (no amulet)
Stlth  ++........               (no ring)
                                j - ring of sustain abilities

@: not resistant to hostile enchantments, unstealthy
A: no striking features
a: no special abilities


You were on level 5 of the Dungeon.
You were hungry.

You visited 1 branch of the dungeon, and saw 5 of its levels.

You collected 228 gold pieces.

Inventory:

Hand weapons
 m - a +2 short sword of protection
 v - a +2 quarterstaff of chaos (weapon)
Armour
 a - a +0 robe (worn)
 l - a +0 helmet (worn)
 w - a +0 cloak (worn)
Jewellery
 j - a ring of sustain abilities (left hand)
 k - an uncursed amulet of stasis
Scrolls
 e - 3 scrolls of enchant weapon
 h - a scroll of identify
 i - 5 scrolls of teleportation
 x - a scroll of recharging {unknown}
 y - a scroll of blinking {unknown}
Potions
 d - 4 potions of curing
 f - a potion of mutation
 n - 2 potions of resistance
 p - a potion of haste {unknown}
 q - 2 potions of brilliance
 r - 2 potions of degeneration {unknown}
 s - a potion of agility {unknown}
 u - a potion of heal wounds {unknown}
 z - 2 potions of berserk rage {unknown}
Books
 b - a book of Flames

   Spells                             Type                      Level
   a - Flame Tongue                   Conjuration/Fire             1
   b - Throw Flame                    Conjuration/Fire             2
   c - Conjure Flame                  Conjuration/Fire             3
   d - Inner Flame                    Hexes/Fire                   3
   e - Sticky Flame                   Conjuration/Fire             4
   f - Fireball                       Conjuration/Fire             5
Comestibles
 c - 3 bread rations
 g - 7 meat rations
 o - 8 fruits


   Skills:
 + Level 0.2 Fighting
 + Level 0.4 Armour
 + Level 2.6 Dodging
 - Level 2.4 Stealth
 + Level 5.2 Spellcasting
 * Level 4.8 Conjurations
 * Level 5.7 Fire Magic


You had 2 spell levels left.
You knew the following spells:

 Your Spells              Type           Power        Failure   Level  Hunger
a - Flame Tongue          Conj/Fire      ####.        1%          1    None
b - Conjure Flame         Conj/Fire      ####....     3%          3    ##.....
c - Sticky Flame          Conj/Fire      ####....     12%         4    ####...
d - Fireball              Conj/Fire      ####......   34%         5    #####..


Dungeon Overview and Level Annotations

Branches:
Dungeon (5/15)
 Temple: D:4-7

Altars:
Ru


Message History

The hobgoblin is severely wounded.
The hobgoblin barely misses you.
Casting: Flame Tongue
Confirm with . or Enter, or press ? or * to list all spells.
Aiming: Flame Tongue
Press: ? - help, Shift-Dir - straight line, f/p - hobgoblin
Aim: a hobgoblin (severely wounded)
The flame tongue hits the hobgoblin.
You kill the hobgoblin!
The centaur shoots an arrow.
The arrow hits you! The arrow burns you.
* * * LOW HITPOINT WARNING * * *
Casting: Flame Tongue
Confirm with . or Enter, or press ? or * to list all spells.
Aiming: Flame Tongue
Press: ? - help, Shift-Dir - straight line, f - centaur
Aim: a centaur, wielding a shortbow of flaming The flame tongue hits the centaur.
The centaur is severely wounded.
The centaur shoots an arrow.
The arrow hits you.
You die...

..>..
.c....
.......
..g....
##.......
#c.....#
#(# ##(##
#.(@#
##.## #.#
#.# #.#
#)# ##.##
#...#
#...#


You could see a centaur.

Vanquished Creatures
  An ogre (D:5)
  2 giant frog skeletons
  Crazy Yiuf (D:3)
  A hound (D:4)
  Jessica (D:2)
  2 worker ants (D:4)
  A hound skeleton (D:4)
  Robin (D:2)
  3 adders
  3 gnolls (D:3)
  An ooze (D:2)
  4 worms
  3 giant geckos
  6 orcs
  A ball python (D:1)
  7 bats
  5 giant cockroaches
  12 hobgoblins
  2 jackals (D:4)
  9 kobolds
  A quokka (D:3)
  3 giant newts
  14 goblins
  12 rats
96 creatures vanquished.

Notes
Turn   | Place    | Note
--------------------------------------------------------------
     0 | D:1      | mefis231, the Deep Elf Fire Elementalist, began the quest for the Orb.
     0 | D:1      | Reached XP level 1. HP: 10/10 MP: 6/6
   494 | D:1      | Reached XP level 2. HP: 15/15 MP: 5/8
  1671 | D:1      | Reached XP level 3. HP: 17/19 MP: 6/9
  1676 | D:1      | Learned a level 3 spell: Conjure Flame
  1889 | D:2      | Noticed Robin
  1967 | D:2      | Reached skill level 4 in Fire Magic
  2227 | D:2      | Killed Robin
  2445 | D:2      | Reached XP level 4. HP: 24/24 MP: 4/12
  2451 | D:2      | Learned a level 4 spell: Sticky Flame
  2504 | D:2      | Noticed Jessica
  2520 | D:2      | Killed Jessica
  3034 | D:3      | Reached XP level 5. HP: 28/28 MP: 1/13
  3041 | D:3      | Learned a level 5 spell: Fireball
  3405 | D:3      | Found a sacrificial altar of Ru.
  3977 | D:3      | Noticed Crazy Yiuf
  3983 | D:3      | Killed Crazy Yiuf
  4025 | D:3      | Reached skill level 5 in Fire Magic
  4535 | D:4      | Reached XP level 6. HP: 32/32 MP: 11/15
  4801 | D:4      | Reached skill level 5 in Spellcasting
  5469 | D:5      | Entered Level 5 of the Dungeon
  5653 | D:5      | Shot with an arrow by a centaur

Action                   |  1- 3 |  4- 6 || total
-------------------------+-------+-------++-------
Melee: Unarmed           |     1 |       ||     1
 Cast: Flame Tongue      |   103 |   112 ||   215
       Conjure Flame     |     3 |    12 ||    15
       Sticky Flame      |       |     1 ||     1
  Use: Scroll            |       |     6 ||     6
  Eat: Chunk             |     5 |     8 ||    13
       Pizza             |       |     1 ||     1
